 Dungeon Crawl Stone Soup version 0.29-a0-378-gc08b2e8bf8 (webtiles) character file.

Game seed: 14911396146836092168

1394 happo123 the Grappler (level 8, -1/76 HPs)
             Began as a Troll Berserker on May 5, 2022.
             Was a Priest of Trog.
             Slain by a jelly (2 damage)
             ... on level 6 of the Dungeon.
             The game lasted 00:18:57 (3695 turns).

happo123 the Grappler (Troll Berserker)             Turns: 3695, Time: 00:18:58

Health: -1/76      AC:  5    Str: 28    XL:     8   Next: 41%
Magic:  7/7        EV: 10    Int:  3    God:    Trog [***...]
Gold:   106        SH:  0    Dex:  9    Spells: 7/7 levels left

rFire   x . .      SeeInvis .     - Unarmed
rCold   + . .      Faith    +   (no shield)
rNeg    . . .      Spirit   .   a - +0 animal skin
rPois   .          Reflect  .   (helmet restricted)
rElec   .          Harm     .   e - +0 cloak
rCorr   +          Rampage  .   (gloves unavailable)
Will    ++...                   (boots unavailable)
Stlth   ++........              g - amulet of faith
HPRegen 2.02/turn               q - ring of resist corrosion
MPRegen 0.10/turn               t - ring of ice

@: lethally poisoned (-1 -> -1), strong-willed, regenerating
A: large, unfitting armour, claws 3, regeneration 1, shaggy fur 1, tough skin 1
a: Renounce Religion, Berserk, Trog's Hand


You were on level 6 of the Dungeon.
You worshipped Trog.
Trog was most pleased with you.
You visited 1 branch of the dungeon, and saw 6 of its levels.

You collected 392 gold pieces.
You spent 286 gold pieces at shops.

Inventory:

Hand Weapons
 f - a +1 vampiric whip
 j - a +2 short sword of flaming
 w - a +2 scythe of freezing
 x - a +3 vampiric falchion
Missiles
 n - 2 throwing nets (quivered)
Armour
 a - a +0 animal skin (worn)
 e - a +0 cloak (worn)
Jewellery
 g - an amulet of faith (around neck)
 q - a ring of resist corrosion (left claw)
 t - a ring of ice (right claw)
Scrolls
 b - 5 scrolls of teleportation {unknown}
 d - 3 scrolls of enchant weapon {unknown}
 h - 2 scrolls of fear {unknown}
 i - 5 scrolls of identify {unknown}
 o - a scroll of acquirement {unknown}
 p - a scroll of noise {unknown}
 r - a scroll of summoning {unknown}
 s - 4 scrolls of magic mapping {unknown}
 y - a scroll of amnesia {unknown}
Potions
 c - 3 potions of curing
 k - 2 potions of might {unknown}
 l - 2 potions of degeneration {unknown}
 m - 3 potions of haste
 u - 2 potions of invisibility {unknown}
 v - 2 potions of heal wounds
 z - a potion of mutation
 A - a potion of resistance {unknown}


   Skills:
 + Level 3.6 Fighting
 + Level 4.7 Dodging
 + Level 1.7 Stealth
 + Level 8.4 Unarmed Combat


You had 7 spell levels left.
You didn't know any spells.
Your spell library was empty.

Dungeon Overview and Level Annotations

Branches:
Dungeon (6/15)             Temple (0/1) D:4

Altars:
Kikubaaqudgha

Shops:
D:5 !


Innate Abilities, Weirdness & Mutations

You are too large for most types of armour.
You have claws for hands.
Your natural rate of healing is unusually fast.
You are covered in fur. (AC +1)
You have tough skin. (AC +1)


Message History

The water moccasin poisons you!
Your skin crawls.
You feel strong-willed.
You can no longer call in reinforcements.
You feel extremely sick. The adder bites you but does no damage.
The water moccasin barely misses you.
You feel very sick.
The water moccasin bites you but does no damage.
The adder barely misses you. The adder attacks as you move away!
The adder bites you but does no damage.
You feel very sick.
Things that are here:
a water moccasin corpse; a hound corpse The adder attacks as you move away!
The adder misses you.
You feel very sick. The water moccasin barely misses you.
You feel very sick.
You see here a dart slug corpse.
You closely miss the water moccasin.
You feel sick. The water moccasin bites you.
* * * LOW HITPOINT WARNING * * *
You are more poisoned.
The water moccasin poisons you!
You miss the water moccasin.
* * * LOW HITPOINT WARNING * * *
You feel very sick.
You barely miss the adder.
* * * LOW HITPOINT WARNING * * *
You feel very sick. The water moccasin closely misses you.
The adder bites you but does no damage.
You mangle the adder!!
You kill the adder!
Trog accepts your kill.
* * * LOW HITPOINT WARNING * * *
You feel very sick. The water moccasin misses you.
You scratch the water moccasin but do no damage.
* * * LOW HITPOINT WARNING * * *
You feel sick. The water moccasin barely misses you. The jelly hits you.
You die...

#...#......#
#......#...#
...#..#..#
.[....... ......
#. #...#
.#####.##...####
.......†.S@....#
........##J#..#.#
........#††#.....
......!.#..##...##
..#..##≈≈.≈≈#...#
.....##≈≈≈≈≈....#
##≈≈≈≈≈≈#≈≈≈≈#..#
#≈≈≈≈#w<:≈≈≈≈≈#.#
..≈≈#≈?S.$≈≈≈#≈.#


You could see a water moccasin, a jelly and a dart slug.

Vanquished Creatures
  Sigmund (D:5)
  Eustachio (D:5)
  A water moccasin (D:6)
  A black bear (D:5)
  2 ogres (D:5)
  A necrophage (D:5)
  4 scorpions
  A howler monkey (D:5)
  4 hounds
  An iguana (D:4)
  7 gnolls
  6 adders
  An ufetubus (D:4)
  3 worms
  10 dart slugs
  6 orcs
  14 endoplasms
  A giant cockroach (D:2)
  7 goblins
  4 hobgoblins
  3 jackals (D:1)
  5 quokkas
  12 ball pythons
  6 bats
  2 frilled lizards (D:3)
  6 kobolds
  4 rats
114 creatures vanquished.

Vanquished Creatures (others)
  2 toadstools (D:4)
2 creatures vanquished.

Grand Total: 116 creatures vanquished

Notes
Turn   | Place    | Note
-------+----------+-------------------------------------------
     0 | D:1      | happo123 the Troll Berserker began the quest for the Orb.
     0 | D:1      | Reached XP level 1. HP: 22/22 MP: 0/0
   113 | D:1      | Found a faded altar of an unknown god.
   116 | D:1      | Reached XP level 2. HP: 29/29 MP: 1/1
   477 | D:1      | Reached ** piety under Trog
   586 | D:1      | Reached XP level 3. HP: 36/36 MP: 2/2
   972 | D:2      | Reached skill level 4 in Unarmed Combat
   972 | D:2      | Reached XP level 4. HP: 43/44 MP: 3/3
  1761 | D:3      | Reached *** piety under Trog
  1772 | D:3      | Reached XP level 5. HP: 37/52 MP: 4/4
  1946 | D:3      | Found an ancient bone altar of Kikubaaqudgha.
  2282 | D:4      | Reached skill level 5 in Unarmed Combat
  2289 | D:4      | Reached skill level 1 in Stealth
  2289 | D:4      | Reached XP level 6. HP: 58/61 MP: 5/5
  2454 | D:4      | Found a staircase to the Ecumenical Temple.
  2914 | D:5      | Entered Level 5 of the Dungeon
  2956 | D:5      | Noticed Eustachio
  2960 | D:5      | Reached skill level 6 in Unarmed Combat
  2966 | D:5      | Killed Eustachio
  2967 | D:5      | Reached XP level 7. HP: 67/67 MP: 6/6
  2998 | D:5      | Reached **** piety under Trog
  3019 | D:5      | Noticed Sigmund
  3022 | D:5      | Reached skill level 7 in Unarmed Combat
  3033 | D:5      | Killed Sigmund
  3075 | D:5      | Reached XP level 8. HP: 31/75 MP: 7/7
  3161 | D:5      | Found Riamome's Distillery.
  3171 | D:5      | Bought a potion of curing for 33 gold pieces
  3171 | D:5      | Bought a potion of mutation for 88 gold pieces
  3171 | D:5      | Bought a potion of haste for 110 gold pieces
  3171 | D:5      | Bought a potion of heal wounds for 55 gold pieces
  3195 | D:5      | Reached skill level 8 in Unarmed Combat
  3693 | D:6      | HP: 3/76 [poisoned by a water moccasin]
  3694 | D:6      | HP: 1/76 [poisoned by a water moccasin]
  3695 | D:6      | Slain by a jelly

Illustrated notes

Levels and vault maps discovered:
D:1:      minmay_arrival_four_loops, layout_basic,
          nicolae_ecumenical_snake_handling, kennysheep_flooded_box,
          minmay_pentomino_v2
D:2:      layout_loops_ring
D:3:      minmay_diamond_boxcup, layout_basic, mainiacjoe_overflow_alcove_2
D:4:      layout_basic, temple_doors_e, minmay_gold_behind_fungi
D:5:      layout_gridville, serial_shops, nicolae_shop_hallway_plus,
          amcnicky_mini_rare_corridor_liquid, st_stairs_4,
          minmay_misc_feat_diagonals, uniq_eustachio, uniq_sigmund
D:6:      kennysheep_slugbush, layout_loops_cross, nicolae_tso_besieged_by_evil,
          uniq_edmund

Skill      XL: |  1  2  3  4  5  6  7  8 |
---------------+-------------------------+-----
Dodging        | 3 4 |  4.7
Unarmed Combat | 4 5 6 7 8 |  8.4
Fighting       | 3 |  3.6
Stealth        | 1 |  1.7

Action                   |  1- 3 |  4- 6 |  7- 9 || total
-------------------------+-------+-------+-------++-------
Melee: Unarmed           |    69 |   173 |    68 ||   310
       Punch             |       |     1 |       ||     1
Invok: Berserk           |     1 |     1 |     1 ||     3
       Trog's Hand       |       |       |     2 ||     2
 Stab: Sleeping          |     2 |     4 |       ||     6
Armor: Animal skin       |    18 |    63 |    26 ||   107
Dodge: Dodged            |    36 |    96 |    31 ||   163

Table legend: (Time is in decaauts)
 A = Elapsed time spent in this place.
 B = Non-inter-level travel time spent in this place.
 C = Inter-level travel time spent in this place.
 D = Time resting spent in this place.
 E = Time spent auto-exploring this place.
 F = Levels seen in this place.
 G = Mean time per level.
                   A        B        C        D        E       F      G
               +--------+--------+--------+--------+--------+-----+--------+
         Total |   3696 |   2875 |    821 |     36 |   2111 |   6 |  616.0 |
       Dungeon |   3696 |   2875 |    821 |     36 |   2111 |   6 |  616.0 |
               +--------+--------+--------+--------+--------+-----+--------+

Top non-repeatable levels by time:
     D:1: 914 daAuts
     D:4: 815 daAuts
     D:5: 737 daAuts
     D:2: 674 daAuts
     D:3: 498 daAuts
     D:6: 57 daAuts
